 Dungeon Sprint DCSS version 0.18-a0-20-gaede791 (webtiles) character file.

56 Hedron the Severer (level 7, -1/61 HPs)
             Began as a Minotaur Gladiator on Nov 2, 2015.
             Was a Believer of Okawaru.
             Slain by a porcupine (14 damage)
             ... in the Dungeon (Sprint VI: "Thunderdome").
             The game lasted 00:04:46 (540 turns).

Hedron the Severer (Minotaur Gladiator)              Turns: 540, Time: 00:04:46

Health: -1/61      AC:  4    Str: 19    XL:     7   Next: 66%
Magic:  4/6        EV: 17    Int:  5    God:    Okawaru [**....]
Gold:   290        SH:  0    Dex: 13    Spells: 0 memorised, 6 levels left

rFire  . . .     SeeInvis .     a - +0 war axe
rCold  . . .     Clarity  .     b - +0 leather armour
rNeg   . . .     SustAt   .     (no shield)
rPois  .         Gourm    .     c - +0 hat
rElec  .         Spirit   .     (no cloak)
rCorr  .         Warding  .     (no gloves)
rMut   .         NoTele   +     (no boots)
MR     .....                    (no amulet)
Stlth  ++........               (no ring)
                                (no ring)

@: heroism, not resistant to hostile enchantments, unstealthy
A: retaliatory headbutt, horns 2
a: Heroism, Renounce Religion


You were in the Dungeon.
You worshipped Okawaru.
Okawaru was pleased with you.
You were not hungry.

You visited 1 branch You collected 290 gold pieces.

Inventory:

Hand Weapons
 a - a +0 war axe (weapon)
Missiles
 d - 3 throwing nets (quivered)
Armour
 b - a +0 leather armour (worn)
 c - a +0 hat (worn)
Wands
 l - a wand of cold (4)
 m - a wand of fire (5)
Scrolls
 k - 4 scrolls of blinking
 n - 3 scrolls of fog
Potions
 f - a potion of curing
 g - 2 potions of heal wounds
 h - 2 potions of haste
 i - 2 potions of magic
 j - a potion of berserk rage
 o - a potion of resistance
Comestibles
 e - a bread ration


   Skills:
 + Level 5.0(10.0) Fighting
 + Level 17.4(22.4) Axes
 - Level 2.0(7.0) Throwing
 + Level 4.0(9.0) Armour
 + Level 5.4(10.4) Dodging


You had 6 spell levels left.
You didn't know any spells.

Dungeon Overview and Level Annotations

Branches:
Dungeon (1/1)

Altars:
Cheibriados
Dithmenos
Fedhas
Gozag
Kikubaaqudgha
Makhleb
Okawaru
Qazlal
Ru
Sif Muna
Trog
Vehumet
Xom
Yredelemnul
Zin
The Shining One
Jiyva
Lugonu

Shops:
D *[%??*?*:[((!!!!


Innate Abilities, Weirdness & Mutations

You reflexively headbutt those who attack you in melee.
You have a pair of horns on your head.


Message History

The hell rat is moderately wounded.
The hell rat bites you!
You hit the hell rat. You headbutt the hell rat.
You kill the hell rat!
Okawaru accepts your kill. 50...
An iguana comes into view.
The iguana hisses angrily.
You gain the combat prowess of a mighty hero.
You feel slightly more hungry.
You are struck by the porcupine's spines.
* * * LOW HITPOINT WARNING * * *
You slash the porcupine!
You headbutt the porcupine, but do no damage.
The porcupine is almost dead.
You slash the porcupine!
The porcupine is heavily wounded.
The porcupine bites you but does no damage.
The porcupine bites you!
You die...

#_......._# #.........#
###.........###
#⌠..).÷......⌠#
####.8.........8.######
.__......###.l.....__∩##
.......8.# #.8........∩###
.........###...r.........##
......###...###.@........⌠#
......# #.<.# #.r........⌠#
......###...###..........⌠#
........)###.............##
......÷8.# #.8).......∩###
.__......###......___∩##
####.8)........8.######
#⌠...........⌠#
###.........###


You could see an iguana and 2 porcupines.

Vanquished Creatures
  2 two-headed ogres (D)
  4 ogres (D)
  A big kobold (D)
  2 hell rats (D)
  A river rat (D)
  A hobgoblin (D)
  A kobold (D)
  A quokka (D)
  2 rats (D)
15 creatures vanquished.

Notes
Turn   | Place    | Note
--------------------------------------------------------------
     0 | D        | Hedron the Minotaur Gladiator began the quest for the Orb.
     0 | D        | Reached XP level 1. HP: 18/18 MP: 0/0
     1 | D        | Found a snail-covered altar of Cheibriados.
     1 | D        | Found a corrupted altar of Lugonu.
     2 | D        | Found an ancient bone altar of Kikubaaqudgha.
     2 | D        | Found a shadowy altar of Dithmenos.
     3 | D        | Found a viscous altar of Jiyva.
     3 | D        | Found a sacrificial altar of Ru.
     4 | D        | Found a basalt altar of Yredelemnul.
     4 | D        | Found Dyumoyng's Weapon Rack.
     4 | D        | Found Ejyn's Premium Goods.
     5 | D        | Found Toruhy's Basic Armour.
     5 | D        | Found Ifeh Bapluig's Miscellaneous Merchandise.
     5 | D        | Round 1.
     9 | D        | Found a blossoming altar of Fedhas.
    13 | D        | Found a stormy altar of Qazlal.
    14 | D        | Found Ulunluzu's Do-It-Yourself Clinic.
    15 | D        | Found Wecwaepu's Bottled Wisdom.
    15 | D        | Found Ullode's Distillery.
    15 | D        | Found a glowing silver altar of Zin.
    15 | D        | Found an opulent altar of Gozag.
    15 | D        | Found Qeruaraw's Distillery.
    23 | D        | Noticed a hell rat
    32 | D        | Reached skill level 4 in Axes
    36 | D        | Killed a hell rat
    36 | D        | Reached skill level 7 in Axes
    36 | D        | Reached XP level 2. HP: 11/25 MP: 1/1
    45 | D        | Found a shimmering altar of Xom.
    46 | D        | Found a glowing golden altar of the Shining One.
    46 | D        | Found Duihin Uzunn's Staff Store.
    47 | D        | Found Xaicwas's Must-Have Magic.
    47 | D        | Found Buebloul's Magic Scroll Shop.
    48 | D        | Found a burning altar of Makhleb.
    48 | D        | Found a deep blue altar of Sif Muna.
    48 | D        | Found Ixecero's Magic Scroll Shop.
    54 | D        | Found an iron altar of Okawaru.
    55 | D        | Found a radiant altar of Vehumet.
    57 | D        | Found Init's Bee Food.
    58 | D        | Found Mecu's Jewellery.
    58 | D        | Found Nicvupn's Advanced Armour.
    58 | D        | Found a bloodstained altar of Trog.
    58 | D        | Found Ralul's Identification Station.
    69 | D        | Became a worshipper of Warmaster Okawaru
    98 | D        | Reached skill level 8 in Axes
    98 | D        | Reached XP level 3. HP: 6/30 MP: 2/2
   133 | D        | Arena points: 6 (+6) [x1]
   148 | D        | Round 2.
   150 | D        | Noticed a big kobold
   162 | D        | Killed a big kobold
   162 | D        | Reached skill level 10 in Axes
   162 | D        | Reached XP level 4. HP: 9/37 MP: 3/3
   282 | D        | Arena points: 14 (+8) [x1]
   297 | D        | Round 3.
   304 | D        | Noticed an ogre
   304 | D        | Noticed an ogre
   312 | D        | Killed an ogre
   312 | D        | Reached * piety under Okawaru
   312 | D        | Reached skill level 13 in Axes
   312 | D        | Reached XP level 5. HP: 28/42 MP: 4/4
   318 | D        | Killed an ogre
   318 | D        | Reached skill level 14 in Axes
   318 | D        | Reached XP level 6. HP: 33/50 MP: 5/5
   364 | D        | Reached skill level 15 in Axes
   441 | D        | Noticed a two-headed ogre
   442 | D        | Noticed a two-headed ogre
   454 | D        | Killed a two-headed ogre
   454 | D        | Reached skill level 17 in Axes
   454 | D        | Reached XP level 7. HP: 41/56 MP: 3/6
   456 | D        | Killed a two-headed ogre
   456 | D        | Reached ** piety under Okawaru
   475 | D        | Arena points: 56 (+42) [x2]
   475 | D        | Reached skill level 5 in Fighting
   475 | D        | Reached skill level 5 in Dodging
   522 | D        | Round 4.
   540 | D        | Slain by a porcupine

Vault maps used:
D:        arena_sprint

Action                   |  1- 3 |  4- 6 |  7- 9 || total
-------------------------+-------+-------+-------++-------
Melee: War axe           |    21 |    17 |    10 ||    48
Invok: Heroism           |       |     1 |     1 ||     2
Evoke: Wand              |       |     1 |       ||     1
  Use: Potion            |     3 |     1 |       ||     4
